 Seeded DCSS version 0.29-a0-330-g52719c12eb (webtiles) character file.

Game seed: 15462250948581395643 (custom seed)

37 ImHallYall the Chopper (level 3, -5/28 HPs)
             Began as a Demonspawn Gladiator on Apr 12, 2022.
             Slain by a gnoll
             ... wielding a +0 halberd
              (13 damage)
             ... on level 2 of the Dungeon.
             The game lasted 00:02:29 (1254 turns).

ImHallYall the Chopper (Demonspawn Gladiator)       Turns: 1254, Time: 00:02:30

Health: -5/28      AC: 10    Str: 14    XL:     3   Next: 21%
Magic:  3/3        EV:  4    Int:  9    God:
Gold:   98         SH:  0    Dex: 16    Spells: 2/2 levels left

rFire   . . .      SeeInvis .   a - +0 war axe
rCold   . . .      Faith    .   (no shield)
rNeg    . . .      Spirit   .   l - +0 plate armour
rPois   .          Reflect  .   (helmet restricted)
rElec   .          Harm     .   (no cloak)
rCorr   .          Rampage  .   (no gloves)
Will    .....                   (no boots)
Stlth   ..........              (no amulet)
HPRegen 0.09/turn               (no ring)
MPRegen 0.08/turn               (no ring)

@: no status effects
A: antennae 1
a: no special abilities


You were on level 2 of the Dungeon.
You visited 1 branch of the dungeon, and saw 2 of its levels.

You collected 98 gold pieces.

Inventory:

Hand Weapons
 a - a +0 war axe (weapon)
Missiles
 d - 3 throwing nets (quivered)
 e - a javelin
 j - 3 poisoned darts
 k - 2 atropa-tipped darts
Armour
 b - a +0 leather armour
 c - a +0 helmet
 g - a +0 ring mail
 i - a +0 scale mail
 l - a +0 plate armour (worn)
Scrolls
 f - a scroll of teleportation {unknown}
 m - a scroll of brand weapon {unknown}
 n - a scroll of identify {unknown}
Potions
 h - a potion of haste {unknown}


   Skills:
 + Level 2.4 Fighting
 + Level 3.3 Axes
 + Level 1.7 Throwing
 + Level 3.0 Dodging


You had 2 spell levels left.
You didn't know any spells.
Your spell library was empty.

Dungeon Overview and Level Annotations

Branches:
Dungeon (2/15)

Altars:


Innate Abilities, Weirdness & Mutations

You have a pair of small antennae on your head.


Message History

An endoplasm comes into view.
The endoplasm quivers.
You hit the hobgoblin.
The hobgoblin is almost dead.
The hobgoblin hits you.
The hobgoblin hits you but does no damage.
You slash the hobgoblin!
You kill the hobgoblin!
The endoplasm hits you but does no damage.
You slash the endoplasm!
You kill the endoplasm!
You now have 98 gold pieces (gained 5).
A gnoll comes into view. It is wielding a +0 spear.
The gnoll hits you but does no damage. The gnoll hits you but does no damage.
You hit the gnoll.
The gnoll is moderately wounded.
The gnoll hits you with a +0 spear.
You hit the gnoll.
The gnoll is heavily wounded.
The gnoll hits you with a +0 spear!
You closely miss the gnoll.
The gnoll is heavily wounded.
The gnoll hits you with a +0 spear. The gnoll barely misses you.
You slash the gnoll!
You kill the gnoll!
You have reached level 3!
Your experience leads to an increase in your attributes!
Increase (S)trength, (I)ntelligence, or (D)exterity?
You feel agile. x2
A gnoll comes into view. It is wielding a +0 halberd.
The gnoll shouts!
You see here a +0 spear.
A bat comes into view.
The gnoll hits you from afar with a +0 halberd.
The gnoll hits you from afar with a +0 halberd.
* * * LOW HITPOINT WARNING * * *
A gnoll comes into view. It is wielding a +0 spear.
The gnoll hits you with a +0 halberd!
You die...

##########
#..).....#
#@######.#####
....gbg.#.....#....#
#########.####.###.#
###.####.###.#
#..........#.#
#.#.####.#.#.#####
....###.#........
................#
#...###..........


You could see 2 gnolls and a bat.

Vanquished Creatures
  A gnoll (D:2)
  A ball python (D:2)
  2 bats (D:1)
  3 endoplasms
  5 goblins
  5 hobgoblins
  4 kobolds (D:1)
  2 rats (D:1)
23 creatures vanquished.

Notes
Turn   | Place    | Note
-------+----------+-------------------------------------------
     0 | D:1      | ImHallYall the Demonspawn Gladiator began the quest for the
                  | Orb.
     0 | D:1      | Reached XP level 1. HP: 16/16 MP: 1/1
   234 | D:1      | Gained mutation: You have a pair of small antennae on your
                  | head. [demonic ancestry]
   234 | D:1      | Reached XP level 2. HP: 22/22 MP: 2/2
  1251 | D:2      | Reached XP level 3. HP: 13/28 MP: 3/3
  1254 | D:2      | Slain by a gnoll

Illustrated notes

Levels and vault maps discovered:
D:1:      lemuel_arrival_behind_the_door_large, layout_loops_corners
D:2:      layout_loops_ring, wander_ebering_terrifying_dragon_lair

Skill      XL: |  1  2 |
---------------+-------+-----
Axes           | 3 |  3.3
Dodging        | 3 |  3.0
Fighting       | |  2.4
Throwing       | |  1.7

Action                   || total
-------------------------++-------
Melee: War axe           ||    50
Armor: Leather armour    ||     2
       Ring mail         ||     1
       Scale mail        ||    19
       Plate armour      ||     8
Dodge: Dodged            ||    27

Table legend: (Time is in decaauts)
 A = Elapsed time spent in this place.
 B = Non-inter-level travel time spent in this place.
 C = Inter-level travel time spent in this place.
 D = Time resting spent in this place.
 E = Time spent auto-exploring this place.
 F = Levels seen in this place.
 G = Mean time per level.
                   A        B        C        D        E       F      G
               +--------+--------+--------+--------+--------+-----+--------+
         Total |   1270 |   1261 |      9 |      0 |    868 |   2 |  635.0 |
       Dungeon |   1270 |   1261 |      9 |      0 |    868 |   2 |  635.0 |
               +--------+--------+--------+--------+--------+-----+--------+

Top non-repeatable levels by time:
     D:1: 1027 daAuts
     D:2: 243 daAuts
